 Dungeon Crawl Stone Soup version 0.31.0-11-ge490571c62 (webtiles) character file.

Game seed: 183481635809984143

171 Gadfly the Insei (level 5, -3/41 HPs)
             Began as a Demonspawn Monk on Feb 5, 2024.
             Slain by a gnoll
             ... wielding a +0 flail
              (12 damage)
             ... on level 2 of the Dungeon.
             The game lasted 00:02:50 (2165 turns).

Gadfly the Insei (Demonspawn Monk)                  Turns: 2165, Time: 00:02:51

Health: -3/41      AC:  3    Str: 13    XL:     5   Next: 26%
Magic:  5/5        EV: 13    Int: 10    God:
Gold:   130        SH:  0    Dex: 16    Spells: 2/4 levels left

rFire   + .          .
                       - Unarmed
rCold   . . .        c - orb {light}
rNeg    . . .        a - +0 robe
rPois   .            k - +1 hat
rElec   .            (no cloak)
rCorr   .            (no gloves)
SInv    .            (no boots)
Will    .....        (no amulet)
Stlth   +            e - ring of protection from fire
HPRegen 0.26/turn    (no ring)
MPRegen 0.09/turn

%: no passive effects
@: confused, ambrosia-drunk, glowing
A: antennae 1, ignite blood 1, powered by death 1
a: no special abilities


You were on level 2 of the Dungeon.
You visited 1 branch of the dungeon, and saw 3 of its levels.

You collected 130 gold pieces.

Inventory:

Hand Weapons
 l - a +0 falchion
Armour
 a - a +0 robe (worn)
 c - an orb of light (worn)
 k - a +1 hat (worn)
Jewellery
 e - a ring of protection from fire (left hand)
Scrolls
 h - a scroll of silence {unknown}
Potions
 d - a potion of berserk rage {unknown}
 f - 2 potions of curing
 i - a potion of might {unknown}


   Skills:
 - Level 3.0 Fighting
 + Level 3.2 Dodging
 * Level 3.7 Unarmed Combat
 * Level 2.3 Evocations
 * Level 2.1 Shapeshifting


You had 2 spell levels left.
You knew the following spells:

 Your Spells              Type           Power      Damage    Failure   Level
a - Blink                 Tloc           0%         N/A       50%         2

Your spell library contained the following spells:

 Spells                   Type           Power      Damage    Failure   Level
 Magic Dart               Conj           0%         1d3       36%         1
 Shock                    Conj/Air       0%         1d3       36%         1
 Call Imp                 Summ           0%         N/A       50%         2
 Hailstorm                Conj/Ice       0%         3d5       75%         3
 Summon Ice Beast         Ice/Summ       0%         N/A       75%         3
 Swiftness                Air            0%         N/A       75%         3
 Airstrike                Air            0%         2d(0-16)  98%         4
 Summon Forest            Summ/Tloc      0%         N/A       100%        5
 Eringya's Noxious Bog    Alch           0%         4d6       100%        6
 Sculpt Simulacrum        Ice/Alch       0%         N/A       100%        6
 Summon Hydra             Summ           0%         N/A       100%        7


Dungeon Overview and Level Annotations

Branches:
Dungeon (3/15)

Altars:


Innate Abilities, Weirdness & Mutations

You have a pair of small antennae on your head.
Your demonic aura sometimes causes spilled blood to erupt in flames.
You regenerate a little health from kills.


Message History

You feel sick.
You feel sick.
You feel sick.
You are no longer poisoned.
The gnoll hits you from afar with a +0 spear.
A gnoll comes into view. It is wielding a +0 flail.
You are too injured to fight recklessly!
The gnoll closely misses you.
There is a stone staircase leading down here.
The gnoll hits you from afar with a +0 spear.
The gnoll shouts!
The gnoll attacks as it pursues you!
The gnoll hits you from afar with a +0 spear.
* * * LOW HITPOINT WARNING * * *
The gnoll attacks as it pursues you!
The gnoll hits you from afar with a +0 spear.
* * * LOW HITPOINT WARNING * * *
A gnoll comes into view.
It is wielding a +0 short sword and quivering poisoned darts.
The gnoll shouts!
A rat comes into view.
The gnoll attacks as it pursues you! The gnoll barely misses you.
The gnoll attacks as it pursues you!
The gnoll hits you from afar with a +0 spear.
* * * LOW HITPOINT WARNING * * *
A gnoll comes into view. It is wielding a +0 flail.
The gnoll shouts!
You feel much better.
The gnoll hits you from afar with a +0 spear.
The gnoll attacks as it pursues you! The gnoll closely misses you.
There is a stone staircase leading up here.
The gnoll hits you from afar with a +0 spear.
The gnoll hits you with a +0 flail!
* * * LOW HITPOINT WARNING * * *
You climb upwards.
Reactivating autopickup.
There is a stone staircase leading down, spattered with blood here.
You hit the gnoll but do no damage. The gnoll closely misses you.
You are confused.
You feel invigorated. The gnoll hits you with a +0 flail!
You die...

##### ################## #...#
#.................
##...####g################
#........@.######
#....#####......##########
#....'.....)..............
########....###########.#########
#.....................#.# #
##.#####......#######.#.## #
#.#####......#######.#..########
#............+..................
########.....#######.###.#######


You could see a gnoll.

Vanquished Creatures
  An orc wizard (D:3)
  4 gnolls (D:2)
  5 adders
  A dart slug (D:1)
  3 ribbon worms (D:2)
  6 orcs (D:3)
  3 bats
  4 endoplasms
  A giant cockroach (D:2)
  5 goblins (D:3)
  A hobgoblin (D:3)
  6 jackals
  3 quokkas
  4 frilled lizards
  3 kobolds (D:1)
  2 rats
52 creatures vanquished.

Notes
Turn   | Place    | Note
-------+----------+-------------------------------------------
     0 | D:1      | Gadfly the Demonspawn Monk began the quest for the Orb.
     0 | D:1      | Reached XP level 1. HP: 18/18 MP: 1/1
   382 | D:1      | Gained mutation: You regenerate a little health from kills.
                  | [demonic ancestry]
   382 | D:1      | Reached XP level 2. HP: 21/24 MP: 2/2
   788 | D:2      | Reached skill level 1 in Evocations
   823 | D:2      | Reached skill level 1 in Shapeshifting
   860 | D:2      | Reached XP level 3. HP: 14/29 MP: 3/3
  1500 | D:2      | Gained mutation: Your demonic aura sometimes causes spilled
                  | blood to erupt in flames. [demonic ancestry]
  1500 | D:2      | Reached XP level 4. HP: 26/35 MP: 4/4
  1699 | D:2      | Found a faded altar of an unknown god.
  1923 | D:2      | Learned a level 2 spell: Blink
  2072 | D:3      | Gained mutation: You have a pair of small antennae on your
                  | head. [demonic ancestry]
  2072 | D:3      | Reached XP level 5. HP: 41/41 MP: 5/5
  2165 | D:2      | Slain by a gnoll

Illustrated notes

Levels and vault maps discovered:
D:1:      dpeg_arrival_windows_large_door, layout_basic
D:2:      layout_basic, shapermc_ecumenical_altar_petra, kennysheep_cross_room,
          wander_ebering_terrifying_dragon_lair
D:3:      layout_rooms

Skill      XL: |  1  2  3  4 |
---------------+-------------+-----
Evocations     | 1 2 |  2.3
Unarmed Combat | 3 |  3.7
Shapeshifting  | 1 2 |  2.1
Dodging        | 3 |  3.2
Fighting       | |  3.0

Action                     |  1- 3 |  4- 6 || total
---------------------------+-------+-------++-------
  Melee: Unarmed           |   121 |   101 ||   222
    Use: Scroll            |     3 |     3 ||     6
         Potion            |       |     2 ||     2
 Armour: Robe              |    43 |    47 ||    90
  Dodge: Dodged            |    90 |    72 ||   162
